TOP OF THE 1ST |
---|
St Charles Sheens batting - Pitching for St. Louis Browns : LHP Luis Noriega | Pitching: LHP Luis Noriega | | Batting: RHB Miguel Palácios | 0-0: Ball 1-0: Foul Ball, location: 2F 1-1: Swinging Strike 1-2: Ball 2-2: Ball 3-2: Strikes out swinging, 2-3 out at first. | Batting: RHB Víctor Arredondo | 0-0: Fly out, F8 (Flyball, 8LD) | Batting: LHB Larry Howard | 0-0: Ball 1-0: SINGLE (Flyball, 8LS) | Batting: RHB Max Rash | 0-0: Called Strike 0-1: Swinging Strike 0-2: Ball 1-2: Ball 2-2: Foul Ball, location: 2F 2-2: Ball 3-2: Foul Ball, location: 2F 3-2: Foul Ball, location: 2F 3-2: Base on Balls Larry Howard to second | Batting: RHB Dan Tyler | 0-0: Ball 1-0: SINGLE (Line Drive, 8RS) Larry Howard to third Max Rash to second Runner from 3rd tries for Home, SAFE, throw made home | Batting: RHB Miguel Encarnación | 0-0: Called Strike 0-1: Ball 1-1: Foul Ball, location: 2F 1-2: Fly out, F9 (Flyball, 9S) | Top of the 1st over - 1 run, 2 hits, 0 errors, 2 left on base; St Charles 1 - St. Louis 0 | BOTTOM OF THE 1ST |
---|
St. Louis Browns batting - Pitching for St Charles Sheens : RHP Bill Hines | Pitching: RHP Bill Hines | | Batting: RHB Javier Martínez | 0-0: Foul Ball, location: 2F 0-1: Ball 1-1: Ball 2-1: Fly out, F4 (Popup, 4D) | Batting: RHB Carlos Alfaro | 0-0: Ball 1-0: Ball 2-0: Called Strike 2-1: Ball 3-1: Base on Balls | Batting: LHB Mike Hill | 0-0: Called Strike 0-1: Ball 1-1: Ball 2-1: Called Strike 2-2: Foul Ball, location: 2F 2-2: Ground out 4-3 (Groundball, 4S) Carlos Alfaro to second | Pitching: RHP Irwin Conway | | Batting: RHB Adrian Prouse | 0-0: Fly out, F5 (Line Drive, 5) | Bottom of the 1st over - 0 runs, 0 hits, 0 errors, 1 left on base; St Charles 1 - St. Louis 0 | TOP OF THE 2ND |
---|
St Charles Sheens batting - Pitching for St. Louis Browns : LHP Luis Noriega | Batting: RHB Judson Backstrom | 0-0: Called Strike 0-1: Fly out, F7 (Flyball, 7D) | Batting: RHB Walton Smith | 0-0: Ball 1-0: Ball 2-0: Ball 3-0: Base on Balls | Batting: LHB Jason Lambert | 0-0: Ball 1-0: Ball 2-0: Ball 3-0: Called Strike 3-1: Base on Balls Walton Smith to second | Batting: RHB Miguel Palácios | 0-0: Fly out, F9 (Flyball, 9) | Batting: RHB Víctor Arredondo | 0-0: Swinging Strike 0-1: SINGLE (Line Drive, 6MD) Walton Smith to third Jason Lambert to second | Batting: LHB Larry Howard | 0-0: Ball 1-0: Ground out U3 (Groundball, 3L) | Top of the 2nd over - 0 runs, 1 hit, 0 errors, 3 left on base; St Charles 1 - St. Louis 0 | BOTTOM OF THE 2ND |
---|
St. Louis Browns batting - Pitching for St Charles Sheens : RHP Irwin Conway | Batting: RHB Anthony Rucker | 0-0: SINGLE (Groundball, 56D) | Batting: SHB David Johnstone | 0-0: Ball 1-0: Called Strike 1-1: Called Strike 1-2: Foul Ball, location: 2F 1-2: Ground out 5-3 (Groundball, 56) Anthony Rucker to second | Batting: RHB Vicente Valentín | 0-0: Ball 1-0: Swinging Strike 1-1: Ground out 4-3 (Groundball, 4S) Anthony Rucker to third | Batting: RHB Octávio Marín | 0-0: Ball 1-0: Foul Ball, location: 2F 1-1: Ball 2-1: Ground out 6-3 (Groundball, 6M) | Bottom of the 2nd over - 0 runs, 1 hit, 0 errors, 1 left on base; St Charles 1 - St. Louis 0 | TOP OF THE 3RD |
---|
St Charles Sheens batting - Pitching for St. Louis Browns : LHP Luis Noriega | Batting: RHB Max Rash | 0-0: Ground out 6-3 (Groundball, 6) | Batting: RHB Dan Tyler | 0-0: Swinging Strike 0-1: Foul Ball, location: 2F 0-2: Ball 1-2: Ball 2-2: Foul Ball, location: 2F 2-2: Fly out, F9 (Flyball, 89M) | Batting: RHB Miguel Encarnación | 0-0: Ball 1-0: Ground out 6-3 (Groundball, 6) | Top of the 3rd over - 0 runs, 0 hits, 0 errors, 0 left on base; St Charles 1 - St. Louis 0 | BOTTOM OF THE 3RD |
---|
St. Louis Browns batting - Pitching for St Charles Sheens : RHP Irwin Conway | Batting: LHB Dave Watson | 0-0: Fly out, F9 (Flyball, 9S) | Batting: RHB Javier Martínez | 0-0: Called Strike 0-1: Ground out 4-3 (Groundball, 4) | Batting: RHB Carlos Alfaro | 0-0: Ball 1-0: Called Strike 1-1: Foul Ball, location: 2F 1-2: Fly out, F9 (Flyball, 89S) | Bottom of the 3rd over - 0 runs, 0 hits, 0 errors, 0 left on base; St Charles 1 - St. Louis 0 | TOP OF THE 4TH |
---|
St Charles Sheens batting - Pitching for St. Louis Browns : LHP Luis Noriega | Batting: RHB Judson Backstrom | 0-0: Ball 1-0: Ball 2-0: Ball 3-0: Fly out, F9 (Flyball, 89M) | Batting: RHB Walton Smith | 0-0: Ball 1-0: Ball 2-0: Ball 3-0: Called Strike 3-1: Foul Ball, location: 2F 3-2: SINGLE (Groundball, 34D) | Pitching: RHP Hayden Collins | | Batting: LHB Jason Lambert | 0-0: Ball 1-0: Fielders Choice at 2nd, 4-6 (Groundball, 4M) | Batting: RHB Miguel Palácios | 0-0: Foul Ball, location: 2F 0-1: Ball 1-1: Ball 2-1: Swinging Strike 2-2: Foul Ball, location: 2F 2-2: Fly out, F9 (Flyball, 9) | Top of the 4th over - 0 runs, 1 hit, 0 errors, 1 left on base; St Charles 1 - St. Louis 0 | BOTTOM OF THE 4TH |
---|
St. Louis Browns batting - Pitching for St Charles Sheens : RHP Irwin Conway | Batting: LHB Mike Hill | 0-0: Reached on error, E5 (Groundball, 5L) | Batting: RHB Adrian Prouse | 0-0: Ball 1-0: Fly out, F8 (Flyball, 8RXD) Runner from 2nd tags up, SAFE at 3rd, no throw | Batting: RHB Anthony Rucker | 0-0: Ball 1-0: Ball 2-0: SINGLE (Line Drive, 34D) Mike Hill scores | Batting: SHB David Johnstone | 0-0: Fly out, F7 (Flyball, 7D) | Batting: RHB Vicente Valentín | 0-0: Ball 1-0: Swinging Strike 1-1: Ball 2-1: Ball 3-1: TRIPLE (Line Drive, 8RXD) Anthony Rucker scores | Batting: RHB Octávio Marín | 0-0: Called Strike 0-1: Foul Ball, location: 2F 0-2: Ball 1-2: Foul Ball, location: 2F 1-2: Ground out 5-3 (Groundball, 56S) | Bottom of the 4th over - 2 runs, 2 hits, 1 error, 1 left on base; St Charles 1 - St. Louis 2 | TOP OF THE 5TH |
---|
St Charles Sheens batting - Pitching for St. Louis Browns : RHP Hayden Collins | Batting: RHB Víctor Arredondo | 0-0: Called Strike 0-1: SINGLE (Groundball, 6MD) | Batting: LHB Larry Howard | 0-0: Called Strike 0-1: Ball 1-1: Ball 2-1: Foul Ball, location: 2F 2-2: Fly out, F9 (Line Drive, 89XD) | Batting: RHB Max Rash | 0-0: Ball 1-0: Ball 2-0: TRIPLE (Line Drive, 78XD) Víctor Arredondo scores | Batting: RHB Dan Tyler | 0-0: Ground out 6-3 (Groundball, 6) Max Rash scores | Batting: RHB Miguel Encarnación | 0-0: Called Strike 0-1: Ball 1-1: Ball 2-1: Foul Ball, location: 2F 2-2: Foul Ball, location: 2F 2-2: Ball 3-2: Foul Ball, location: 2F 3-2: Foul Ball, location: 2F 3-2: Strikes out swinging | Top of the 5th over - 2 runs, 2 hits, 0 errors, 0 left on base; St Charles 3 - St. Louis 2 | BOTTOM OF THE 5TH |
---|
St. Louis Browns batting - Pitching for St Charles Sheens : RHP Irwin Conway | Batting: LHB Dave Watson | 0-0: Ball 1-0: Ball 2-0: Foul Ball, location: 2F 2-1: Fly out, F4 (Line Drive, 4MD) | Batting: RHB Javier Martínez | 0-0: Ball 1-0: Ball 2-0: Ball 3-0: Called Strike 3-1: Base on Balls | Batting: RHB Carlos Alfaro | 0-0: Ball Javier Martínez is caught stealing 2nd base 1-0: Swinging Strike 1-1: Fly out, F9 (Flyball, 9LM) | Bottom of the 5th over - 0 runs, 0 hits, 0 errors, 0 left on base; St Charles 3 - St. Louis 2 | TOP OF THE 6TH |
---|
St Charles Sheens batting - Pitching for St. Louis Browns : RHP Hayden Collins | Batting: RHB Judson Backstrom | 0-0: Ball 1-0: Ball 2-0: Ball 3-0: Called Strike 3-1: Called Strike 3-2: SINGLE (Line Drive, 34D) | Batting: RHB Walton Smith | 0-0: Ball 1-0: Ball 2-0: Foul Ball, location: 2F 2-1: Called Strike 2-2: Ball 3-2: SINGLE (Groundball, 6MD) Judson Backstrom to second | Batting: LHB Jason Lambert | 0-0: Ball 1-0: Swinging Strike 1-1: Foul Ball, location: 2F 1-2: Foul Ball, location: 2F 1-2: Ball 2-2: SINGLE (Flyball, 3D) Judson Backstrom to third Walton Smith to second | Pinch Hitting: LHB Benny Richard | 0-0: Called Strike 0-1: Ball 1-1: Swinging Strike 1-2: Ball 2-2: Foul Ball, location: 2F 2-2: SINGLE (Groundball, 6D) Judson Backstrom scores Walton Smith to third Jason Lambert to second Runner from 3rd tries for Home, throw and OUT! | Pinch Hitting: RHB Jesús Hernández | 0-0: Called Strike 0-1: Foul Ball, location: 2F 0-2: Ball 1-2: DOUBLE (Line Drive, 78D) Jason Lambert scores Benny Richard to third | Pitching: RHP Martín Ortíz | | Pinch Hitting: RHB Sergio Pujols | 0-0: Called Strike 0-1: Ball 1-1: Fly out, F7 (Flyball, 7LS) Runner from 3rd tags up, SCORES, no throw | Pinch Hitting: RHB Alfredo Hernández | 0-0: Ball 1-0: DOUBLE (Line Drive, 89XD) Jesús Hernández scores | Pinch Hitting: LHB Kyle Harrison | 0-0: Called Strike 0-1: Foul Ball, location: 2F 0-2: Ball 1-2: Ball 2-2: Strikes out swinging | Top of the 6th over - 4 runs, 6 hits, 0 errors, 1 left on base; St Charles 7 - St. Louis 2 | BOTTOM OF THE 6TH |
---|
St. Louis Browns batting - Pitching for St Charles Sheens : RHP Irwin Conway | Now at 1B: Benny Richard | | Now at 2B: Alfredo Hernández | | Now at 3B: Sergio Pujols | | Now in LF: Jesús Hernández | | Now in RF: Kyle Harrison | | Batting: LHB Mike Hill | 0-0: Called Strike 0-1: Ball 1-1: Foul Ball, location: 2F 1-2: Foul Ball, location: 2F 1-2: DOUBLE (Groundball, 3L) | Batting: RHB Adrian Prouse | 0-0: SINGLE (Line Drive, 4MD) Mike Hill to third Runner from 3rd tries for Home, throw and OUT! | Batting: RHB Anthony Rucker | 0-0: Ball 1-0: Ball Adrian Prouse steals 2nd base 2-0: Called Strike 2-1: Called Strike 2-2: Ball 3-2: Foul Ball, location: 2F 3-2: SINGLE (Groundball, 56D) Adrian Prouse to third Throwing error, E7 Adrian Prouse scores Anthony Rucker to second | Pitching: RHP Alejandro Longoria | | Batting: SHB David Johnstone | 0-0: Ball 1-0: Called Strike 1-1: Ball 2-1: Called Strike 2-2: Foul Ball, location: 2F 2-2: Ball 3-2: Foul Ball, location: 2F 3-2: Base on Balls | Batting: RHB Vicente Valentín | 0-0: Ball 1-0: Foul Ball, location: 2F 1-1: Foul Ball, location: 2F 1-2: Strikes out swinging | Batting: RHB Octávio Marín | 0-0: Fly out, F8 (Flyball, 8LS) | Bottom of the 6th over - 1 run, 3 hits, 1 error, 2 left on base; St Charles 7 - St. Louis 3 | TOP OF THE 7TH |
---|
St Charles Sheens batting - Pitching for St. Louis Browns : RHP Martín Ortíz | Pinch Hitting: RHB Augusto Trevino | 0-0: Called Strike 0-1: Ball 1-1: Ball 2-1: Foul Ball, location: 2F 2-2: Ball 3-2: Fly out, F8 (Flyball, 8RM) | Batting: RHB Judson Backstrom | 0-0: Called Strike 0-1: Swinging Strike 0-2: Ball 1-2: Ball 2-2: Fly out, F9 (Flyball, 9D) | Batting: RHB Walton Smith | 0-0: Foul Ball, location: 2F 0-1: Ground out 6-3 (Groundball, 6) | Top of the 7th over - 0 runs, 0 hits, 0 errors, 0 left on base; St Charles 7 - St. Louis 3 | BOTTOM OF THE 7TH |
---|
St. Louis Browns batting - Pitching for St Charles Sheens : RHP Alejandro Longoria | Now in LF: Augusto Trevino | | Batting: LHB Dave Watson | 0-0: Ground out 4-3 (Groundball, 4) | Pinch Hitting: LHB Marvin Morris | 0-0: Ball 1-0: Ball 2-0: Ball 3-0: Called Strike 3-1: Base on Balls | Pinch Hitting: LHB Bill Murphy | 0-0: Ball 1-0: SINGLE (Flyball, 9S) Marvin Morris to second Runner from 2nd tries for 3rd, SAFE, no throw | Pitching: LHP Luis Valentín | | Pinch Hitting: RHB Domingo Romero | 0-0: SINGLE (Groundball, 56D) Marvin Morris scores Bill Murphy to second | Pitching: RHP António Ojeda | | Pinch Hitting: LHB Junior Coates | 0-0: Ball Bill Murphy steals 3rd base Domingo Romero to second 1-0: Foul Ball, location: 2F 1-1: Ball 2-1: Foul Ball, location: 2F 2-2: Strikes out looking | Pinch Hitting: RHB Jeff Jones | 0-0: Called Strike 0-1: Ball 1-1: Ball 2-1: Ball 3-1: Base on Balls | Batting: SHB David Johnstone | 0-0: Foul Ball, location: 2F 0-1: Ball 1-1: Called Strike 1-2: Ball 2-2: Foul Ball, location: 2F 2-2: Ball 3-2: Base on Balls Bill Murphy scores Domingo Romero to third Jeff Jones to second | Batting: RHB Danny Walker | 0-0: Ball 1-0: Ball 2-0: Foul Ball, location: 2F 2-1: DOUBLE (Flyball, 89XD) Domingo Romero scores Jeff Jones scores David Johnstone to third Runner from 3rd tries for Home, SAFE, no throw | Batting: RHB Octávio Marín | 0-0: Called Strike 0-1: Ground out 4-3 (Groundball, 4) | Bottom of the 7th over - 5 runs, 3 hits, 0 errors, 1 left on base; St Charles 7 - St. Louis 8 | TOP OF THE 8TH |
---|
St Charles Sheens batting - Pitching for St. Louis Browns : RHP Martín Ortíz | Now at 1B: Jeff Jones | | Now at 2B: Domingo Romero | | Now at 3B: Bill Murphy | | Now in RF: Marvin Morris | | Pinch Hitting: LHB Stan Bates | 0-0: SINGLE (Flyball, 9LS) | Now at 3B: Junior Coates | | Pinch Runner at 1st Ryan Parrish: | | Batting: LHB Benny Richard | 0-0: Foul Ball, location: 2F 0-1: Ball 1-1: SINGLE (Flyball, 78S) Ryan Parrish to second | Batting: RHB Jesús Hernández | 0-0: Ball 1-0: Ball 2-0: Grounds into double play, 1-4-3 (Groundball, 15S) Ryan Parrish to third | Batting: RHB Sergio Pujols | 0-0: Foul Ball, location: 2F 0-1: Foul Ball, location: 2F 0-2: Ball 1-2: Ball 2-2: Ball 3-2: SINGLE (Line Drive, 9LM) Ryan Parrish scores | Batting: RHB Alfredo Hernández | 0-0: Fielders Choice at 2nd, 6-4 (Groundball, 6) | Top of the 8th over - 1 run, 3 hits, 0 errors, 1 left on base; St Charles 8 - St. Louis 8 | BOTTOM OF THE 8TH |
---|
St. Louis Browns batting - Pitching for St Charles Sheens : RHP António Ojeda | Now in LF: Nick Gamble | | Batting: LHB Dave Watson | 0-0: Ball 1-0: Ball 2-0: Fly out, F9 (Line Drive, 89D) | Batting: LHB Marvin Morris | 0-0: Ball 1-0: Ball 2-0: SOLO HOME RUN (Flyball, 89XD), Distance : 420 ft | Pitching: RHP Bill Chase | | Batting: LHB Bill Murphy | 0-0: Ball 1-0: Ball 2-0: Fly out, F8 (Flyball, 8LXD) | Batting: RHB Domingo Romero | 0-0: Swinging Strike 0-1: Ball 1-1: Foul Ball, location: 2F 1-2: Ball 2-2: Foul Ball, location: 2F 2-2: Ball 3-2: Base on Balls | Batting: LHB Junior Coates | 0-0: Called Strike Domingo Romero steals 2nd base 0-1: Ball 1-1: Ball 2-1: Swinging Strike 2-2: Ball 3-2: Foul Ball, location: 2F 3-2: Foul Ball, location: 2F 3-2: Strikes out swinging | Bottom of the 8th over - 1 run, 1 hit, 0 errors, 1 left on base; St Charles 8 - St. Louis 9 | TOP OF THE 9TH |
---|
St Charles Sheens batting - Pitching for St. Louis Browns : RHP Martín Ortíz | Pitching: RHP Cristóbal Gómez | | Batting: LHB Kyle Harrison | 0-0: Ball 1-0: Called Strike 1-1: Ball 2-1: SINGLE (Line Drive, 8LS) | Batting: RHB Augusto Trevino | 0-0: Sac Bunt - play at first, batter OUT! 1-4 Kyle Harrison to second | Batting: RHB Judson Backstrom | 0-0: SINGLE (Line Drive, 6MD) Kyle Harrison to third | Pinch Hitting: RHB Shawn Gutiérrez | 0-0: Swinging Strike 0-1: DOUBLE (Flyball, 78D) Kyle Harrison scores Judson Backstrom to third | Batting: LHB Nick Gamble | 0-0: Ball 1-0: Swinging Strike 1-1: Foul Ball, location: 2F 1-2: Strikes out swinging | Batting: LHB Benny Richard | 0-0: Ball 1-0: Foul Ball, location: 2F 1-1: Ball Wild Pitch! Judson Backstrom scores Shawn Gutiérrez to third 2-1: Called Strike 2-2: Ground out 1-3 (Groundball, P) | Top of the 9th over - 2 runs, 3 hits, 0 errors, 1 left on base; St Charles 10 - St. Louis 9 | BOTTOM OF THE 9TH |
---|
St. Louis Browns batting - Pitching for St Charles Sheens : RHP Bill Chase | Pitching: RHP Juan Rivera | | Now at C: Shawn Gutiérrez | | Pinch Hitting: LHB Robin Hill | 0-0: Ball 1-0: Ball 2-0: Ball 3-0: Called Strike 3-1: Fly out, F1 (Line Drive, 15) | Pinch Hitting: RHB António Venecia | 0-0: Foul Ball, location: 2F 0-1: Swinging Strike 0-2: Ball 1-2: Ball 2-2: Foul Ball, location: 2F 2-2: Strikes out swinging | Batting: RHB Danny Walker | 0-0: Called Strike 0-1: Fly out, F3 (Popup, 3F) | Bottom of the 9th over - 0 runs, 0 hits, 0 errors, 0 left on base; St Charles 10 - St. Louis 9 | |